[Event "Late-Titled-Tuesday-Blitz-May-28-2024"]
[Site "Chess.com"]
[Date "2024.05.28"]
[Round "3"]
[White "Lennis93"]
[Black "colegiodemadrid"]
[Result "1-0"]
[WhiteElo "2771"]
[BlackElo "2504"]
[TimeControl "180+1"]
[EndTime "14:25:01 PDT"]
[Termination "Lennis93 won by resignation"]

1. d4 Nf6 2. Nf3 d5 3. c4 c6 4. Qc2 a6 5. e3 b5 6. b3 bxc4 7. bxc4 Bg4 8. Ne5 Be6 9. Nc3 g6 10. Be2 Bg7 11. O-O O-O 12. Rd1 Bf5 13. Qa4 Qc8 14. Ba3 Re8 15. Rac1 dxc4 16. Bxc4 Be6 17. Qb3 Bxc4 18. Qxc4 e6 19. Na4 Qd8 20. Qb3 Ra7 21.
Bc5 Ra8 22. Qb7 Nbd7 23. Nxc6 Qc8 24. Qxc8 1-0

[Event "Late-Titled-Tuesday-Blitz-May-28-2024"]
[Site "Chess.com"]
[Date "2024.05.28"]
[Round "3"]
[White "gxbg2000"]
[Black "GMthekingindian"]
[Result "0-1"]
[WhiteElo "1989"]
[BlackElo "2338"]
[TimeControl "180+1"]
[EndTime "14:25:03 PDT"]
[Termination "GMthekingindian won by resignation"]

1. e4 c5 2. Nf3 e6 3. d4 cxd4 4. Nxd4 Nf6 5. Nc3 Nc6 6. Ndb5 Bb4 7. Bd3 a6 8. Na3 d5 9. exd5 exd5 10. Bd2 O-O 11. Nab1 Re8+ 12. Kf1 Bg4 13. f3 Bh5 14. h4 d4 15. Ne2 Nd5 16. Bxb4 Ne3+ 17. Kf2 Nxd1+ 18.
Rxd1 Nxb4 0-1

[Event "Late-Titled-Tuesday-Blitz-May-28-2024"]
[Site "Chess.com"]
[Date "2024.05.28"]
[Round "3"]
[White "Denmark2015"]
[Black "yujiarun18"]
[Result "1-0"]
[WhiteElo "2588"]
[BlackElo "2262"]
[TimeControl "180+1"]
[EndTime "14:25:08 PDT"]
[Termination "Denmark2015 won by resignation"]

1. d4 d5 2. c4 e6 3. Nc3 Nf6 4.
Bg5 Be7 5. e3 h6 6. Bxf6 Bxf6 7.
Nf3 O-O 8. Rc1 b6 9. cxd5 exd5 10. Bd3 Be6 11. O-O Nd7 12. b4 a5 13. b5 Rc8 14. Bb1 Bg4 15. Nxd5 Re8 16. Nxf6+ Qxf6 17. h3 Bh5 18. Rc6 Bxf3 19. Qxf3 Qxf3 20. gxf3 Nf6 21. Rfc1 Nd5 22. a3 Re7 23. Ba2 Nf6 24. Rxb6 Rce8 25. Rbc6 Rb8 26. a4 Nh7 27. Rxc7 Ree8 28. Bxf7+ 1-0

[Event "Late-Titled-Tuesday-Blitz-May-28-2024"]
[Site "Chess.com"]
[Date "2024.05.28"]
[Round "3"]
[White "Vladimir_Zakhartsov"]
[Black "Dacean99"]
[Result "1-0"]
[WhiteElo "2868"]
[BlackElo "2584"]
[TimeControl "180+1"]
[EndTime "14:25:15 PDT"]
[Termination "Vladimir_Zakhartsov won by resignation"]

1. e4 c5 2. Nf3 d6 3. c3 Nf6 4.
Bd3 Nc6 5. h3 e5 6. Bc2 g6 7. a3 Bg7 8. b4 O-O 9. O-O Nh5 10. d3 f5 11. Bb3+ Kh8 12. exf5 cxb4 13. axb4 gxf5 14. Ng5 Nf4 15. Bxf4 exf4 16. Qh5 h6 17.
Nf7+ Rxf7 18. Bxf7 Ne5 19. d4 Nxf7 20. Qxf7 Qg5 21.
Nd2 b6 22. Rfe1 Kh7 23. Nf3 Qd8 24. Re8 1-0

[Event "Late-Titled-Tuesday-Blitz-May-28-2024"]
[Site "Chess.com"]
[Date "2024.05.28"]
[Round "3"]
[White "jbking07"]
[Black "Smoking_Crow"]
[Result "0-1"]
[WhiteElo "2362"]
[BlackElo "2560"]
[TimeControl "180+1"]
[EndTime "14:25:19 PDT"]
[Termination "Smoking_Crow won by resignation"]

1. e4 e5 2. Nf3 Nc6 3. Bb5 Nf6 4. d3 Bc5 5. O-O d6 6. c3 Bb6 7. Nbd2 O-O 8. h3 Ne7 9. Ba4 Ng6 10. Re1 Nh5 11. Nc4 Nhf4 12. Nxb6 axb6 13. Bc2 Qf6 14.
Kh2 c5 15. Ng1 h6 16. g3 Ne6 17. Be3 Bd7 18. a3 Bc6 19. Bb3 b5 20. Bd5 Bxd5 21. exd5 Nc7 22. c4 Qe7 23. Qh5 Kh7 24. f4 exf4 25.
Bxf4 Qf6 26. Rf1 Nxf4 27. gxf4 Qxb2+ 28. Qe2 Qxe2+ 29. Nxe2 Rfe8 30. Ng3 Re3 31. Nf5 Rxd3 32. Nxd6 bxc4 33. Nxc4 Nxd5 34. Rad1 Rxd1 35. Rxd1 Nxf4 36. Rd7 b5 37. Nd6 Rxa3 38. Nxb5 Rxh3+ 0-1

[Event "Late-Titled-Tuesday-Blitz-May-28-2024"]
[Site "Chess.com"]
[Date "2024.05.28"]
[Round "3"]
[White "Alex_Sahakyan2006"]
[Black "jinxy2009"]
[Result "1-0"]
[WhiteElo "2786"]
[BlackElo "2293"]
[TimeControl "180+1"]
[EndTime "14:25:22 PDT"]
[Termination "Alex_Sahakyan2006 won by resignation"]

1. e4 c6 2. d4 d5 3. exd5 cxd5 4. Bd3 Nc6 5. c3 Nf6 6. Bf4 Bg4 7. Qb3 e5 8. dxe5 Nh5 9. Bg3 Nxg3 10. hxg3 Nxe5 11.
Bb5+ Bd7 12. Qxd5 Bxb5 13. Qxb5+ Nc6 14. Qxb7 Rc8 15. Nf3 Bc5 16. O-O O-O 17. Qb3 Rb8 18.
Qc2 Qf6 19. Nbd2 Bb6 20. Rae1 Rfd8 21. Nc4 g6 22. Nxb6 Rxb6 23. Rd1 Rdb8 24. b3 Ne5 25. Nxe5 Qxe5 26. Rfe1 Qf6 27. c4 h5 28. Qe4 a5 29.
Qe5 Qxe5 30. Rxe5 a4 31. bxa4 Rb2 32. Rb5 R8xb5 33. axb5 Rxa2 34. b6 1-0

[Event "Late-Titled-Tuesday-Blitz-May-28-2024"]
[Site "Chess.com"]
[Date "2024.05.28"]
[Round "3"]
[White "Blitz"]
[Black "eljanov"]
[Result "0-1"]
[WhiteElo "2517"]
[BlackElo "2888"]
[TimeControl "180+1"]
[EndTime "14:25:26 PDT"]
[Termination "eljanov won by resignation"]

1. d4 d5 2. Nc3 Nf6 3. Bf4 c6 4. e3 Bf5 5. Nf3 e6 6. Ne5 h5 7. Bd3 Bxd3 8. cxd3 Nbd7 9. O-O Nxe5 10. Bxe5 Nd7 11.
Rc1 f6 12. Bf4 g5 13. Bg3 h4 14. Qg4 f5 15. Qe2 hxg3 16. fxg3 Nf6 17. Rcd1 Qb6 0-1

[Event "Late-Titled-Tuesday-Blitz-May-28-2024"]
[Site "Chess.com"]
[Date "2024.05.28"]
[Round "3"]
[White "Jospem"]
[Black "RuperezA"]
[Result "1-0"]
[WhiteElo "3019"]
[BlackElo "2699"]
[TimeControl "180+1"]
[EndTime "14:25:36 PDT"]
[Termination "Jospem won by checkmate"]

1. e4 e6 2. d4 d5 3. Nd2 Nf6 4. e5 Nfd7 5. c3 c5 6. Ngf3 Nc6 7. Bd3 Be7 8. O-O g5 9. dxc5 Ndxe5 10. Nxe5 Nxe5 11.
Nb3 Nxd3 12. Qxd3 f6 13. f4 gxf4 14. Bxf4 e5 15. Qg3 Qc7 16. Rae1 Be6 17. Bxe5 fxe5 18. Qxe5 Qxe5 19. Rxe5 Kd7 20. Rfe1 Bh4 21. g3 Bh3 22. Rxd5+ Kc7 23. Rh5 Bxg3 24. hxg3 Bg4 25. Rg5 Rhg8 26. Re7+ Kc6 27. Nd4# 1-0

[Event "Late-Titled-Tuesday-Blitz-May-28-2024"]
[Site "Chess.com"]
[Date "2024.05.28"]
[Round "3"]
[White "jcibarra"]
[Black "Stanbad1"]
[Result "1-0"]
[WhiteElo "2911"]
[BlackElo "2666"]
[TimeControl "180+1"]
[EndTime "14:25:47 PDT"]
[Termination "jcibarra won by resignation"]

1. e4 e6 2. d4 d5 3. Nc3 Nf6 4. Bg5 Bb4 5. e5 h6 6. Bf4 Ne4 7. Ne2 c5 8. a3 Bxc3+ 9. Nxc3 Nxc3 10. bxc3 cxd4 11. cxd4 Nc6 12. c3 Bd7 13. Qg4 g5 14. Bd2 Rc8 15. h4 Rg8 16. Qh5 gxh4 17. Qxh6 Na5 18. Qh7 Rg6 19. Qh8+ Ke7 20. Qxh4+ Ke8 21. Qf4 Ke7 22. Qg5+ Rxg5 23. Bxg5+ f6 24. Bxf6+ Kf7 25.
Rh7+ Kg8 26. Rh8+ 1-0

[Event "Late-Titled-Tuesday-Blitz-May-28-2024"]
[Site "Chess.com"]
[Date "2024.05.28"]
[Round "3"]
[White "giovannibrandao7"]
[Black "Sinquefield"]
[Result "1-0"]
[WhiteElo "2283"]
[BlackElo "2527"]
[TimeControl "180+1"]
[EndTime "14:25:55 PDT"]
[Termination "giovannibrandao7 won by resignation"]

1. e4 e6 2. Nf3 d5 3. exd5 exd5 4. d4 Nc6 5. c3 Bd6 6. h3 Nge7 7. Bd3 Bf5 8. O-O Qd7 9. Re1 O-O-O 10. Na3 Bxd3 11. Qxd3 Qf5 12. Qxf5+ Nxf5 13. Nb5 f6 14. Nxd6+ Nxd6 15.
Bf4 Kd7 16. Bxd6 Kxd6 17. Re3 Rhe8 18. Rae1 Rxe3 19. Rxe3 Rd7 20. Nd2 Re7 21. g4 Rxe3 22. fxe3 Ne7 23. Kg2 f5 24. Kg3 Ke6 25. gxf5+ Nxf5+ 26. Kf4 Nd6 27. e4 dxe4 28. Nxe4 Nxe4 29. Kxe4 g5 30.
c4 h5 31. c5 c6 32. b4 a6 33.
a4 g4 34. h4 g3 35. Kf3 Kd5 36. Kxg3 Kxd4 37. Kf4 Kc4 38. Kg5 Kxb4 39. Kxh5 Kxa4 40. Kg5 Kb3 41. h5 a5 42. h6 a4 43. h7 a3 44. h8=Q Ka2 45. Qb8 Ka1 46. Qxb7 a2 47. Qxc6 1-0

[Event "Late-Titled-Tuesday-Blitz-May-28-2024"]
[Site "Chess.com"]
[Date "2024.05.28"]
[Round "3"]
[White "nihalsarin"]
[Black "AradNazari"]
[Result "1-0"]
[WhiteElo "3252"]
[BlackElo "2787"]
[TimeControl "180+1"]
[EndTime "14:25:58 PDT"]
[Termination "nihalsarin won by resignation"]

1. d4 Nf6 2. c4 g6 3. Nf3 Bg7 4. Nc3 d5 5. cxd5 Nxd5 6. Bd2 Nb6 7. e3 O-O 8. h3 c5 9. dxc5 N6d7 10. Na4 e5 11. Qc2 Nc6 12. Rd1 Qe7 13. Bd3 Re8 14.
e4 Nf8 15. O-O Ne6 16. Nc3 Qxc5 17. Nd5 Qxc2 18. Bxc2 b6 19. Ba4 Bb7 20. Rc1 Rac8 21. Be3 Bf8 22. Nf6+ Kg7 23. Nxe8+ 1-0

[Event "Late-Titled-Tuesday-Blitz-May-28-2024"]
[Site "Chess.com"]
[Date "2024.05.28"]
[Round "3"]
[White "Caterpiller35"]
[Black "Zorbos"]
[Result "0-1"]
[WhiteElo "2454"]
[BlackElo "2720"]
[TimeControl "180+1"]
[EndTime "14:25:59 PDT"]
[Termination "Zorbos won by resignation"]

1. d4 Nf6 2. Bg5 d5 3. Bxf6 exf6 4. e3 c5 5. dxc5 Bxc5 6. Nd2 O-O 7. Ngf3 Nc6 8. c3 Bf5 9. Be2 Re8 10. O-O Bb6 11.
Nb3 Bg6 12. a4 Ne5 13. a5 Bc7 14. a6 bxa6 15. Rxa6 Bb6 16. Nbd4 Nc4 17. b3 Nd6 18.
Nc6 Qc7 19. Qxd5 Be4 20. Qh5 Bxc6 21. Nd4 Bb7 22. Bd3 g6 23. Qh6 Bxa6 24. Bxa6 Bxd4 25. cxd4 Rab8 26. h4 Nf5 27. Qf4 Qxf4 0-1

[Event "Late-Titled-Tuesday-Blitz-May-28-2024"]
[Site "Chess.com"]
[Date "2024.05.28"]
[Round "3"]
[White "atalz0"]
[Black "BAS8892"]
[Result "0-1"]
[WhiteElo "2499"]
[BlackElo "2741"]
[TimeControl "180+1"]
[EndTime "14:26:03 PDT"]
[Termination "BAS8892 won by resignation"]

1. d4 d5 2. c4 dxc4 3. e4 e5 4. Nf3 exd4 5. Bxc4 Nc6 6. O-O Be6 7. Bxe6 fxe6 8. Qb3 Qd7 9. Qxb7 Rb8 10. Qa6 Nf6 11. Nbd2 e5 12. Nc4 Bd6 13. Nxd6+ cxd6 14. Bd2 Nxe4 15.
Rac1 Rb6 16. Qc4 d5 17. Qa4 O-O 18. Ba5 Ra6 19. b4 Nc3 20. Qc2 Rxf3 21. gxf3 Nxa5 22.
bxa5 Rg6+ 23. Kh1 Qh3 0-1

[Event "Late-Titled-Tuesday-Blitz-May-28-2024"]
[Site "Chess.com"]
[Date "2024.05.28"]
[Round "3"]
[White "Dzidzik2203"]
[Black "djano"]
[Result "0-1"]
[WhiteElo "2438"]
[BlackElo "2603"]
[TimeControl "180+1"]
[EndTime "14:26:04 PDT"]
[Termination "djano won by resignation"]

1. b3 c5 2. Bb2 d6 3. Nf3 e5 4. e3 e4 5. Ng1 Nc6 6. d3 Nf6 7. Nd2 exd3 8. cxd3 Be7 9. Ngf3 O-O 10. Be2 Nd5 11. a3 Bf6 12. Qc2 Re8 13. O-O Bg4 14.
Rac1 Nf4 15. Ne4 Bxb2 16. Qxb2 Bxf3 17. gxf3 Rxe4 18. exf4 Rxf4 19. Kh1 Nd4 20. Rg1 Qf6 21. Rg3 Re8 22. Bf1 Rxf3 23. Rxf3 Qxf3+ 24. Bg2 Qxd3 0-1

[Event "Late-Titled-Tuesday-Blitz-May-28-2024"]
[Site "Chess.com"]
[Date "2024.05.28"]
[Round "3"]
[White "jamengrand"]
[Black "PNEPaul"]
[Result "0-1"]
[WhiteElo "2311"]
[BlackElo "1917"]
[TimeControl "180+1"]
[EndTime "14:26:14 PDT"]
[Termination "PNEPaul won by resignation"]

1. e4 e5 2. Nf3 Nc6 3. Nc3 Be7 4. Nd5 d6 5. d4 Nf6 6. Nxe7 Qxe7 7. d5 Nd8 8. c3 Bg4 9. Be2 O-O 10. h3 Bh5 11. g4 Bg6 12. Bg5 Bxe4 13. Rg1 h6 14. Bh4 Bxf3 15. Bxf3 e4 16. Be2 Qe5 17. g5 hxg5 18. Rxg5 Qf4 19. Bg4 e3 20. Qd4 exf2+ 21.
Bxf2 Re8+ 22. Kf1 Qxg5 0-1

[Event "Late-Titled-Tuesday-Blitz-May-28-2024"]
[Site "Chess.com"]
[Date "2024.05.28"]
[Round "3"]
[White "H3nriqueTV"]
[Black "Zq1"]
[Result "0-1"]
[WhiteElo "2360"]
[BlackElo "2534"]
[TimeControl "180+1"]
[EndTime "14:26:18 PDT"]
[Termination "Zq1 won by resignation"]

1. e4 c5 2. Nf3 d6 3. d4 cxd4 4. Nxd4 Nf6 5. Nc3 Nc6 6. Be2 g6 7. Be3 Bg7 8. O-O O-O 9. Nb3 a6 10. h3 b5 11. Bf3 Bb7 12. Re1 b4 13. Nd5 e6 14. Bb6 Qd7 15. Nxf6+ Bxf6 16. Nc5 Qe7 17. Nxb7 Qxb7 18. e5 Bxe5 19. Bxc6 Qxc6 20. Bd4 Bxd4 21.
Qxd4 a5 22. Rac1 Rac8 23. c4 Qc5 24. Qf4 Rfd8 25. Red1 a4 26. b3 axb3 27. axb3 Kg7 28. Rd3 Qf5 29. Qd4+ Qf6 30. Qe4 d5 31. Qe2 dxc4 32.
Rxd8 Qxd8 33. Rxc4 Rxc4 34. Qxc4 Qd2 35. f3 e5 36. Kh2 Qf4+ 37. Qxf4 exf4 38. Kg1 Kf6 39. Kf2 Ke5 40. Ke2 Kd4 41. Kd2 g5 42. Kc2 Ke3 0-1

[Event "Late-Titled-Tuesday-Blitz-May-28-2024"]
[Site "Chess.com"]
[Date "2024.05.28"]
[Round "3"]
[White "joksijoksi"]
[Black "lachesisQ"]
[Result "0-1"]
[WhiteElo "2526"]
[BlackElo "3056"]
[TimeControl "180+1"]
[EndTime "14:26:23 PDT"]
[Termination "lachesisQ won by resignation"]

1. d4 d5 2. c4 e5 3. dxe5 d4 4.
Nf3 Nc6 5. a3 a5 6. e3 Bc5 7. exd4 Nxd4 8. Be2 Ne7 9. O-O Bf5 10. Be3 Nxe2+ 11. Qxe2 Bd3 12. Qd2 Bxe3 13. fxe3 Bxf1 14. Kxf1 O-O 15. Nc3 Qxd2 16. Nxd2 Ng6 17. Nf3 c6 18. h4 Rfe8 19. Kf2 Nxe5 20. Nxe5 Rxe5 21. Rd1 Re7 22. Na4 h5 23. Rd3 Rae8 24. Nb6 Re4 25. g3 f6 26. b4 axb4 27. axb4 g5 28.
hxg5 fxg5 29. Nd7 Kg7 30. Nc5 R4e7 31. Nb3 Rf8+ 32. Ke2 Ref7 33. Rd6 Rf6 34. Rd7+ R8f7 35. Rd8 h4 36. gxh4 gxh4 37. Rd4 h3 38. Rh4 Rh6 39. Rg4+ Kh7 40. Rg1 0-1

[Event "Late-Titled-Tuesday-Blitz-May-28-2024"]
[Site "Chess.com"]
[Date "2024.05.28"]
[Round "3"]
[White "NMChessToImpress"]
[Black "CarlosAlbornoz"]
[Result "1-0"]
[WhiteElo "2317"]
[BlackElo "2829"]
[TimeControl "180+1"]
[EndTime "14:26:27 PDT"]
[Termination "NMChessToImpress won by resignation"]

1. e4 c6 2. d4 d5 3. e5 c5 4. dxc5 Nc6 5. a3 Nxe5 6. b4 g6 7. Bb2 Bg7 8. Bb5+ Bd7 9. Bxd7+ Qxd7 10. Nc3 Nc4 11. Qc1 Nh6 12. Nge2 Nf5 13. O-O Nxb2 14.
Qxb2 d4 15. Ne4 O-O 16. Rad1 Rad8 17. N4g3 Nxg3 18. Nxg3 Qd5 19. Rd3 e5 20. f3 f5 21.
Qb3 Qxb3 22. Rxb3 Rfe8 23. Rd1 e4 24. b5 h5 25. c6 bxc6 26. bxc6 h4 27. Ne2 exf3 28.
Nf4 g5 29. c7 Rc8 30. Nd5 Re5 31. Rb8 Ree8 32. Rxc8 Rxc8 33. Ne7+ Kf7 34. Nxc8 Be5 35. Nd6+ Bxd6 36. c8=Q 1-0

[Event "Late-Titled-Tuesday-Blitz-May-28-2024"]
[Site "Chess.com"]
[Date "2024.05.28"]
[Round "3"]
[White "KanalSzachowy"]
[Black "olawsson"]
[Result "0-1"]
[WhiteElo "2364"]
[BlackElo "2147"]
[TimeControl "180+1"]
[EndTime "14:26:32 PDT"]
[Termination "olawsson won by resignation"]

1. e4 c5 2. Nc3 a6 3. Nge2 d6 4. d4 cxd4 5. Qxd4 Nc6 6. Qd2 Nf6 7. b3 e6 8. Bb2 Be7 9. O-O-O Qc7 10. f4 b5 11. Ng3 O-O 12. Kb1 Bb7 13. Bd3 Nb4 14. h4 Nxd3 15. Qxd3 Rac8 16. h5 h6 17. f5 d5 18. e5 Qxe5 19. Nxb5 Qb8 20. Nd4 e5 21. Nf3 e4 22. Qd4 exf3 23. Rhe1 Bc5 24. Qa4 Qxg3 25.
gxf3 0-1

[Event "Late-Titled-Tuesday-Blitz-May-28-2024"]
[Site "Chess.com"]
[Date "2024.05.28"]
[Round "3"]
[White "MikeSailer"]
[Black "Pig-filth"]
[Result "1-0"]
[WhiteElo "2124"]
[BlackElo "2359"]
[TimeControl "180+1"]
[EndTime "14:26:32 PDT"]
[Termination "MikeSailer won by checkmate"]

1. d4 Nc6 2. Nf3 e5 3. dxe5 d6 4. Bf4 Bg4 5. exd6 Qf6 6. e3 Qxb2 7. Nbd2 O-O-O 8. Rb1 Qc3 9. Rb3 Bxf3 10. gxf3 Qa5 11. Bh3+ f5 12. dxc7 Rd7 13. O-O Qxd2 14. Bxf5 Qxd1 15. Rxd1 Nf6 16. Rbd3 g5 17. Bg3 h5 18.
Rxd7 Nxd7 19. Bxd7# 1-0

[Event "Late-Titled-Tuesday-Blitz-May-28-2024"]
[Site "Chess.com"]
[Date "2024.05.28"]
[Round "3"]
[White "TheDiscoOne"]
[Black "SoCalJuniorChess"]
[Result "1-0"]
[WhiteElo "2522"]
[BlackElo "2232"]
[TimeControl "180+1"]
[EndTime "14:26:38 PDT"]
[Termination "TheDiscoOne won by resignation"]

1. c4 Nf6 2. g3 c5 3. Bg2 Nc6 4. Nc3 d6 5. Nf3 g6 6. d4 cxd4 7.
Nxd4 Nxd4 8. Qxd4 Bg7 9. O-O O-O 10. Qd3 Rb8 11. Bd2 Bd7 12. Rfd1 Bc6 13. Nd5 Bxd5 14.
cxd5 Nd7 15. Bc3 Nc5 16. Qd2 Bxc3 17. Qxc3 b5 18. Rd4 a5 19. Rh4 b4 20. Qe3 h5 21. Qh6 Nd7 22. g4 e5 23. Rh3 Nf6 24. gxh5 Nxh5 25. Bf3 Qd7 26. Rxh5 gxh5 27. Kh1 f6 28.
Bxh5 1-0

[Event "Late-Titled-Tuesday-Blitz-May-28-2024"]
[Site "Chess.com"]
[Date "2024.05.28"]
[Round "3"]
[White "chess94cu"]
[Black "moro182"]
[Result "0-1"]
[WhiteElo "2637"]
[BlackElo "2889"]
[TimeControl "180+1"]
[EndTime "14:26:40 PDT"]
[Termination "moro182 won by resignation"]

1. e4 g6 2. d4 Bg7 3. Nc3 a6 4.
a4 d6 5. Nf3 Nf6 6. h3 O-O 7.
Be2 Nc6 8. O-O e5 9. Be3 exd4 10. Nxd4 Re8 11. Nxc6 bxc6 12. Bf3 Bd7 13. Re1 Qb8 14.
Rb1 Qb4 15. Qd2 Rab8 16. Bh6 Bh8 17. Qd3 Be6 18. b3 Nd7 19. Bd2 Nc5 20. Qe3 Bd4 21. Nd5 cxd5 22. Bxb4 Bxe3 23. Rxe3 Rxb4 24. exd5 Bd7 25.
Rxe8+ Bxe8 26. Re1 Bd7 27. Be2 a5 28. Bc4 Nxa4 29.
Re7 Nc5 0-1

[Event "Late-Titled-Tuesday-Blitz-May-28-2024"]
[Site "Chess.com"]
[Date "2024.05.28"]
[Round "3"]
[White "TokChess"]
[Black "Beaterawn"]
[Result "0-1"]
[WhiteElo "2515"]
[BlackElo "2373"]
[TimeControl "180+1"]
[EndTime "14:26:47 PDT"]
[Termination "Beaterawn won by resignation"]

1. c4 e5 2. Nc3 Nc6 3. e3 Bc5 4. Nf3 d6 5. a3 a6 6. d4 exd4 7. exd4 Ba7 8. Be2 h6 9. O-O Nf6 10. b4 O-O 11. Bb2 Bf5 12. d5 Ne7 13. Nd4 Qd7 14. Re1 Rfe8 15. Qd2 Ng6 16. Nxf5 Qxf5 17. Bd3 Bxf2+ 18. Qxf2 Qxd3 19. Red1 Qxc4 20. Rd4 Qb3 21. Rf1 Ne5 22. Qg3 Qxb2 0-1

[Event "Late-Titled-Tuesday-Blitz-May-28-2024"]
[Site "Chess.com"]
[Date "2024.05.28"]
[Round "3"]
[White "Yaacovn"]
[Black "Grebnev_A"]
[Result "0-1"]
[WhiteElo "2853"]
[BlackElo "2637"]
[TimeControl "180+1"]
[EndTime "14:26:48 PDT"]
[Termination "Grebnev_A won by resignation"]

1. d4 Nf6 2. e3 d5 3. Bd3 c5 4. c3 Nc6 5. f4 e6 6. Nd2 Bd6 7. Nh3 b6 8. O-O Bb7 9. Qe2 O-O 10. Ng5 Ne7 11. Qf3 h6 12. Nh3 Nh7 13. Nf2 f5 14. b3 Nf6 15. Bb2 Rc8 16. Qe2 cxd4 17. exd4 Ne4 18. Bxe4 fxe4 19. g3 Nf5 20. Nd1 g5 21. fxg5 Qxg5 22. Re1 Nxg3 23. hxg3 Bxg3 24. Ne3 Bf2+ 25. Kh1 Qh4+ 26. Kg2 Qg3+ 0-1

[Event "Late-Titled-Tuesday-Blitz-May-28-2024"]
[Site "Chess.com"]
[Date "2024.05.28"]
[Round "3"]
[White "Kostukov_Alex"]
[Black "DucksParadise"]
[Result "0-1"]
[WhiteElo "2373"]
[BlackElo "2562"]
[TimeControl "180+1"]
[EndTime "14:26:54 PDT"]
[Termination "DucksParadise won by resignation"]

1. g3 h5 2. Nf3 e5 3. Nxe5 h4 4.
Bg2 Nc6 5. d4 Bd6 6. f4 hxg3 7.
hxg3 Rxh1+ 8. Bxh1 Nh6 9. e4 Bxe5 10. dxe5 d6 11. exd6 cxd6 12. Nc3 Qb6 13. Kf1 Bh3+ 14. Bg2 Ng4 15. Qd2 Nh2+ 16. Ke2 Bxg2 17. Nd5 Qg1 18.
Kd3 Qd4+ 19. Ke2 Bf3+ 0-1

[Event "Late-Titled-Tuesday-Blitz-May-28-2024"]
[Site "Chess.com"]
[Date "2024.05.28"]
[Round "3"]
[White "marianokar"]
[Black "2L8IWUN"]
[Result "1/2-1/2"]
[WhiteElo "2397"]
[BlackElo "2176"]
[TimeControl "180+1"]
[EndTime "14:26:57 PDT"]
[Termination "Game drawn by repetition"]

1. Nf3 Nf6 2. c4 e6 3. Nc3 d5 4. d4 Nbd7 5. e3 a6 6. cxd5 exd5 7. Bd3 Bd6 8. O-O O-O 9. b3 Re8 10.
Bb2 b6 11. Rc1 Bb7 12. Ne2 c5 13. Ng3 g6 14. Qc2 Ne4 15. Rfd1 Qe7 16. dxc5 Ndxc5 17. Nd4 Rac8 18. Qe2 Nxd3 19. Qxd3 Ba3 20. Bxa3 Qxa3 21.
Rxc8 Rxc8 22. Nxe4 dxe4 23. Qd2 Qc5 24. h3 h5 25. Ne2 Qc2 26. Nd4 Qc5 27. Ne2 Qc2 28. Nd4 Qc5 1/2-1/2

[Event "Late-Titled-Tuesday-Blitz-May-28-2024"]
[Site "Chess.com"]
[Date "2024.05.28"]
[Round "3"]
[White "agustinv04"]
[Black "MyDream003"]
[Result "0-1"]
[WhiteElo "2511"]
[BlackElo "2819"]
[TimeControl "180+1"]
[EndTime "14:27:03 PDT"]
[Termination "MyDream003 won by resignation"]

1. Nf3 Nf6 2. d4 d5 3. c4 e6 4. Nc3 c6 5. e3 Nbd7 6. Be2 Bd6 7. O-O O-O 8. b3 Ne4 9. Bb2 f5 10. g3 Qf6 11. Ne1 Qh6 12. Nd3 g5 13. f4 Ndf6 14. Ne5 Nxc3 15. Bxc3 Ne4 16. Be1 Qg7 17. Bf3 Nf6 18.
a4 Bd7 19. a5 a6 20. Qe2 Be8 21. Kh1 Kh8 22. Bc3 Rg8 23. Bg2 Rc8 24. Qd2 Qh6 25. Nf3 Ne4 26. Qe1 gxf4 27. exf4 Nxg3+ 28. Kg1 Ne4 29. Ne5 Rc7 30. Ra2 Rcg7 31. Bb4 Bxe5 32.
dxe5 Qh3 33. Qe2 Bh5 34. Qc2 Bf3 35. Rxf3 Qxf3 36. Be1 Rxg2+ 37. Qxg2 Rxg2+ 38. Rxg2 Qd1 39. Kf1 Qxb3 40. Bh4 Qd3+ 41. Kg1 Qd1+ 0-1

[Event "Late-Titled-Tuesday-Blitz-May-28-2024"]
[Site "Chess.com"]
[Date "2024.05.28"]
[Round "3"]
[White "dennisodessa"]
[Black "KNVB"]
[Result "0-1"]
[WhiteElo "2550"]
[BlackElo "2776"]
[TimeControl "180+1"]
[EndTime "14:27:05 PDT"]
[Termination "KNVB won by resignation"]

1. d4 e5 2. dxe5 Nc6 3. Nf3 Qe7 4. Nbd2 Nxe5 5. Nxe5 Qxe5 6. Nf3 Qh5 7. c4 Nf6 8.
e3 Bb4+ 9. Bd2 Qa5 10. Bd3 Bxd2+ 11. Qxd2 Qxd2+ 12. Kxd2 d6 13. Rac1 c6 14. h3 Ke7 15.
Rhd1 Be6 16. Nd4 Rad8 17. Nf5+ Bxf5 18. Bxf5 g6 19. Bb1 a5 20. Ke2 Nd7 21. h4 f5 22.
g3 Ne5 23. c5 d5 24. Rd4 Ra8 25. Bd3 a4 26. Bc2 Nc4 27. Bxa4 Rxa4 0-1

[Event "Late-Titled-Tuesday-Blitz-May-28-2024"]
[Site "Chess.com"]
[Date "2024.05.28"]
[Round "3"]
[White "ExchangeAB"]
[Black "whiteshirt_boi"]
[Result "0-1"]
[WhiteElo "2491"]
[BlackElo "2802"]
[TimeControl "180+1"]
[EndTime "14:27:14 PDT"]
[Termination "whiteshirt_boi won by resignation"]

1. d4 Nf6 2. Nf3 d5 3. Bf4 e6 4. e3 c5 5. c3 Nc6 6. Nbd2 Nh5 7. Bg5 f6 8. Bh4 g6 9. g4 Ng7 10. Bg3 cxd4 11. cxd4 Qb6 12. Qb3 Qxb3 13. Nxb3 Bb4+ 14. Nfd2 e5 15. h3 h5 16. Bg2 exd4 17. Nxd4 hxg4 18. hxg4 Rxh1+ 19. Bxh1 Bxg4 20. Bxd5 Nxd4 21. exd4 Rd8 22.
Bxb7 Rxd4 23. Bc6+ Kf7 24. f3 Bxd2+ 25. Ke2 Be6 26.
b3 Nf5 27. Bb8 Bf4 28. Bxa7 Rd2+ 29. Ke1 Rh2 30. Rd1 Rh1+ 31. Ke2 Ng3+ 0-1

[Event "Late-Titled-Tuesday-Blitz-May-28-2024"]
[Site "Chess.com"]
[Date "2024.05.28"]
[Round "3"]
[White "temus_galaktionov"]
[Black "The_Sherman_Variation"]
[Result "1-0"]
[WhiteElo "2879"]
[BlackElo "2590"]
[TimeControl "180+1"]
[EndTime "14:27:17 PDT"]
[Termination "temus_galaktionov won by resignation"]

1. d4 d5 2. c4 e6 3. Nf3 Nf6 4. Nc3 Be7 5. Bf4 O-O 6. e3 a6 7.
c5 a5 8. a3 b6 9. b4 bxc5 10. bxc5 Ba6 11. Bxa6 Nxa6 12. O-O Nh5 13. Bg3 Nxg3 14. hxg3 f6 15. Rb1 Qd7 16. Re1 Rfd8 17. e4 dxe4 18. Rxe4 e5 19. Qe2 Qc6 20. dxe5 Nxc5 21.
Qc4+ Kh8 22. exf6 Bxf6 23. Ne5 Bxe5 24. Rxe5 Qg6 25. Rxc5 Ra6 26. Re1 Rf6 27. Rxc7 Qc2 28. Ne4 Qd1 29. Rxd1 Rxd1+ 30. Qf1 1-0

[Event "Late-Titled-Tuesday-Blitz-May-28-2024"]
[Site "Chess.com"]
[Date "2024.05.28"]
[Round "3"]
[White "BattlestarGalactica04"]
[Black "FuenfgegenWilly"]
[Result "0-1"]
[WhiteElo "2184"]
[BlackElo "2451"]
[TimeControl "180+1"]
[EndTime "14:27:19 PDT"]
[Termination "FuenfgegenWilly won by resignation"]

1. e4 c5 2. d4 cxd4 3. c3 dxc3 4. Nxc3 e6 5. Nf3 a6 6. Bc4 Qc7 7. Bb3 Nc6 8. O-O Na5 9. Be3 Nxb3 10. axb3 Ne7 11.
Rc1 Qb8 12. Bb6 Ng6 13. Nd5 exd5 14. exd5 Bd6 15. Re1+ Ne7 16. Ng5 O-O 17. Qh5 h6 18. Ne4 Be5 19. d6 Bxd6 20. Nxd6 Qxd6 21. Bc5 Qg6 22. Qd1 d6 23. Bxd6 Rd8 24. Rxe7 Rxd6 25. Re8+ Kh7 26. Qf3 Bg4 27. Qg3 Rxe8 0-1